Description

gg

Replay - INnoVation v Scarlett: Game 3 - Acid Plant LE

Build Order

Get SALT Encoding   

  12  0:00  SCV  
  13  0:12  SCV  
  14  0:17  Supply Depot  
  14  0:24  SCV  
  15  0:29  Refinery  
  15  0:38  SCV  
  16  0:44  Barracks  
  16  0:50  SCV  
  17  1:02  SCV  
  18  1:14  SCV  
  19  1:31  Reaper, Orbital Command  
  20  1:42  Command Center  
  20  1:54  Factory  
  20  1:57  SCV  
  21  2:05  Barracks Reactor  
  21  2:09  SCV  
  21  2:12  Supply Depot  
  21  2:15  Refinery  
  22  2:21  SCV  
  24  2:41  Starport  
  24  2:45  Hellion x2  
  29  2:53  Orbital Command  
  30  3:06  Hellion x2  
  35  3:18  Medivac  
  39  3:31  Supply Depot, Hellion x2  
  43  3:37  Barracks Tech Lab  
  43  3:41  Armory  
  44  3:54  Supply Depot  
  46  3:56  Hellion x2  
  46  4:00  Cloaking Field  
  50  4:04  Banshee  
  55  4:17  Supply Depot  
  55  4:20  Hellion  
  57  4:28  Hellion  
  61  4:46  Banshee  
  68  4:57  Command Center  
  64  5:07  Refinery x2  
  60  5:12  Terran Vehicle Weapons Level 1  
  62  5:30  Cyclone  
  66  5:39  Barracks Tech Lab  
  66  5:41  Factory x2  
  66  5:51  Starport Tech Lab  
  68  6:21  Refinery  
  68  6:27  Armory, Refinery  
  70  6:33  Raven  
  70  6:37  Orbital Command  
  72  6:40  Siege Tank x2  
  72  6:45  Infernal Pre-Igniter  
  83  7:07  Factory x2  
  90  7:10  Barracks Reactor  
  86  7:21  Terran Vehicle Weapons Level 2  
  89  7:28  Factory Reactor  
  91  7:32  Terran Vehicle And Ship Armor Level 1  
  92  7:38  Command Center  
  92  7:42  Thor  
  100  7:48  Thor  
  106  7:56  Factory Tech Lab  
  109  8:01  Medivac x2  
  109  8:02  Engineering Bay  
  119  8:22  Siege Tank x2  
  125  8:31  Siege Tank  
  139  8:38  Viking x2  
  135  8:51  Refinery  
  138  8:56  Siege Tank x2  
  138  8:57  Refinery  
  152  9:03  Siege Tank  
  155  9:11  Viking x2  
  155  9:14  Planetary Fortress  
  160  9:28  Siege Tank  
  171  9:45  Terran Vehicle And Ship Armor Level 2  
  171  9:47  Siege Tank  
Spawning Tool Build Advisor. Get it on Overwolf

Go to:

Details

  • Created by: Artur
  • Published on: Jul 04, 2018
  • Modified on: Jul 04, 2018
  • Patch: 4.0.0
Show
View Real Time Build Order
Export as new Build Order

Comments (0)

There are no comments. Be the first!

Create an account to comment!